AoeStats
← Skipparen

Black Forest

508717883Analyzed
3v3 RM · 8d ago on Sep 23, 2026· 68m 30s· 6 players
Game mode
Random Map
Map size
Normal (6 player)
Population
200
Speed
Normal
Resources
Standard
Victory
Conquest
Starting age
Dark Age
Ending age
Imperial Age
RankedLock teamsTeams togetherTeam positionsShared explorationLock speedFull tech treeHidden civsTurbo modeCheats
Victory
Defeat
🇲🇩 Wei · Moldova
794
+17
🇪🇨 Britons · Ecuador
765
+19
🇳🇴 Burgundians · Norway
762
+19
🇨🇾 Khmer · Cyprus
856
-20
🇨🇾 Franks · Cyprus
845
-19
🇬🇧 Danes · United Kingdom
773
-16
SleepyBear
0:26 Loom
14:26 Feudal Age
14:54 Double-Bit Axe
15:48 Wheelbarrow
15:16 Horse Collar
16:33 Town Watch
23:44 Castle Age
23:51 Stone Mining
23:53 Gold Mining
24:44 Hand Cart
24:41 Heavy Plow
24:52 Bow Saw
33:55 Imperial Age
33:03 Gold Shaft Mining
33:07 Stone Shaft Mining
32:48 Town Patrol
32:57 Caravan
33:41 Padded Archer Armor
33:32 Fletching
33:43 Scale Mail Armor
35:19 Crop Rotation
35:09 Bodkin Arrow
35:29 Leather Archer Armor
35:20 Scale Barding Armor
35:25 Forging
35:51 Coinage
37:02 Hoardings
36:34 Bracer
37:06 Fortified Wall
37:57 Chemistry
36:53 Murder Holes
38:17 Heated Shot
38:31 Fishing Lines
39:25 Banking
40:38 Chain Barding Armor
40:33 Chain Mail Armor
40:54 Iron Casting
40:50 Ring Archer Armor
40:24 Tuntian
41:16 Squires
41:01 Arson
40:37 Man-at-Arms
40:38 Pikeman
40:50 Elite Tiger Cavalry
42:21 Husbandry
42:32 Bloodlines
42:10 Heavy Hei Guang Cavalry
42:13 Light Cavalry
43:07 Thumb Ring
42:23 Elite Skirmisher
43:38 Parthian Tactics
42:35 Crossbowman
45:22 Blast Furnace
43:47 Halberdier
43:48 Long Swordsman
43:59 Hussar
45:47 Ming Guang Armor
45:42 Conscription
47:52 Two-Handed Swordsman
48:32 Guard Tower
48:06 Heavy Scorpion
48:08 Onager
48:10 Capped Ram
48:34 Treadmill Crane
49:04 Masonry
49:05 Careening
49:05 Clinker Construction
49:16 Ballistics
53:01 Sanctity
52:42 Devotion
53:08 Illumination
52:55 Fervor
53:45 Block Printing
54:06 Theocracy
55:18 Faith
57:50 Siege Ram
59:15 Keep
59:01 Carvel Hull
58:35 Gillnets
Skipparen
5:44 Loom
12:41 Feudal Age
16:38 Castle Age
15:20 Double-Bit Axe
15:45 Scale Barding Armor
16:10 Bow Saw
15:46 Horse Collar
27:09 Wheelbarrow
26:41 Heavy Plow
27:43 Chain Barding Armor
28:26 Crop Rotation
29:22 Two-Man Saw
28:40 Husbandry
29:48 Gold Mining
32:57 Imperial Age
30:47 Hand Cart
30:34 Cavalier
32:07 Caravan
33:31 Gold Shaft Mining
33:18 Forging
33:02 Paladin
34:13 Conscription
35:13 Plate Barding Armor
35:13 Iron Casting
36:13 Chemistry
35:09 Town Watch
35:31 Fletching
36:26 Burgundian Vineyards
37:44 Ballistics
37:39 Masonry
44:53 Blast Furnace
55:43 Elite Skirmisher
55:50 Light Cavalry
59:34 Scale Mail Armor
59:29 Bodkin Arrow
61:22 Padded Archer Armor
61:23 Bracer
68:10 Chain Mail Armor
68:10 Leather Archer Armor
67:21 Elite Coustillier
68:37 Hoardings
67:34 Flemish Revolution
68:08 Town Patrol
67:55 Treadmill Crane
68:47 Architecture
68:38 Bombard Tower
riverpull_2004
1:28 Loom
10:34 Feudal Age
18:01 Castle Age
20:09 Double-Bit Axe
23:45 Bow Saw
23:30 Stone Mining
23:27 Horse Collar
24:53 Heavy Plow
25:24 Town Watch
27:14 Ballistics
26:36 Treadmill Crane
29:44 Wheelbarrow
29:42 Town Patrol
30:57 Hand Cart
31:06 Murder Holes
31:22 Masonry
31:27 Gold Mining
32:35 Fletching
32:46 Padded Archer Armor
35:30 Imperial Age
34:24 Bodkin Arrow
34:44 Leather Archer Armor
37:23 Chemistry
36:34 Siege Engineers
37:00 Architecture
37:16 Conscription
37:00 Bracer
37:30 Ring Archer Armor
38:05 Yeomen
39:10 Elite Longbowman
40:44 Gambesons
40:19 Man-at-Arms
42:43 Coinage
48:38 Long Swordsman
56:57 Onager
58:55 Warwolf
69:29 Banking
69:10 Guilds
69:02 Caravan
olample1911
0:27 Loom
13:37 Feudal Age
15:02 Horse Collar
15:10 Double-Bit Axe
15:18 Gold Mining
15:19 Stone Mining
18:33 Wheelbarrow
24:58 Castle Age
26:02 Heavy Plow
26:21 Bow Saw
26:53 Gold Shaft Mining
26:55 Stone Shaft Mining
32:56 Hand Cart
37:25 Imperial Age
35:05 Pikeman
37:49 Ballistics
37:52 Hamask
37:59 Halberdier
38:07 Onager
40:11 Chemistry
39:17 Siege Engineers
40:07 Heavy Scorpion
40:41 Gambesons
40:56 Squires
40:42 Arson
40:53 Fletching
41:03 Padded Archer Armor
41:30 Caravan
41:44 Siege Onager
44:33 Northmen's Fury
55:41 Elite Jomsviking
loizou1911
0:28 Loom
12:53 Feudal Age
13:58 Double-Bit Axe
14:28 Stone Mining
16:36 Gold Mining
22:13 Horse Collar
26:15 Castle Age
28:55 Bow Saw
31:07 Heavy Plow
35:01 Gold Shaft Mining
35:01 Stone Shaft Mining
38:15 Imperial Age
36:25 Wheelbarrow
38:00 Hand Cart
38:05 Fletching
38:27 Forging
38:23 Scale Barding Armor
38:57 Double Crossbow
40:22 Chemistry
42:13 Fortified Wall
46:04 Iron Casting
45:30 Scale Mail Armor
45:54 Chain Barding Armor
45:30 Bodkin Arrow
46:02 Husbandry
46:12 Bloodlines
45:27 Light Cavalry
48:09 Conscription
52:04 Crop Rotation
54:49 Hussar
anjelis1993
3:10 Loom
17:57 Feudal Age
19:32 Wheelbarrow
18:57 Double-Bit Axe
27:48 Castle Age
28:06 Stone Mining
37:45 Bow Saw
40:10 Imperial Age
38:50 Gold Mining
38:55 Fishing Lines
40:34 Scale Barding Armor
40:41 Forging
42:57 Iron Casting
42:43 Chain Barding Armor
42:37 Chivalry
43:41 Hand Cart
43:47 Cavalier
45:35 Blast Furnace
45:16 Paladin
50:11 Plate Barding Armor
Connection lost

Rejoining the realm…

Still unreachable

The connection could not be restored.

Session expired

The server has moved on; the page needs a fresh start.